 Dungeon Crawl Stone Soup version 0.31.0-32-g396128a36d (webtiles) character file.

Game seed: 5256432197796510847

1064 Destapler the Shield-Bearer (level 8, -1/67 (71) HPs)
             Began as a Minotaur Fighter on Mar 30, 2024.
             Was a Priest of Fedhas.
             Slain by a wight
             ... wielding a +0 short sword
              (2 damage)
             ... on level 7 of the Dungeon.
             The game lasted 00:13:35 (3847 turns).

Destapler the Shield-Bearer (Minotaur Fighter)      Turns: 3847, Time: 00:13:37

HP:   -1/67 (71)    AC: 11    Str: 23    XL:     8   Next: 6%
MP:   7/7           EV:  8    Int:  5    God:    Fedhas [***...]
Gold: 223           SH:  9    Dex: 10    Spells: 7/7 levels left

rFire   + . .        a - +0 war axe
rCold   . . .        b - +0 kite shield
rNeg    . . .        i - +2 scale mail {rF+}
rPois   .            (helmet restricted)
rElec   .            n - +0 cloak {rCorr}
rCorr   +            (no gloves)
SInv    .            (no boots)
Will    .....        (no amulet) Stlth
                     (no ring)
HPRegen 0.31/turn    (no ring)
MPRegen 0.10/turn

%: no passive effects
@: drained
A: horns 2, retaliatory headbutt
a: Renounce Religion, Wall of Briars, Grow Ballistomycete


You were on level 7 of the Dungeon.
You worshipped Fedhas.
Fedhas was most pleased with you.
You visited 1 branch of the dungeon, and saw 6 of its levels.

You collected 223 gold pieces.

Inventory:

Hand Weapons
 a - a +0 war axe (weapon)
 e - a +2 whip of flaming
Armour
 b - a +0 kite shield (worn)
 i - a +2 scale mail of fire resistance (worn)
 n - a +0 cloak of preservation (worn)
Wands
 c - a wand of mindburst (13)
 j - a wand of paralysis (6)
Scrolls
 d - a scroll of amnesia {unknown}
 l - a scroll of vulnerability {unknown}
Potions
 g - 2 potions of magic {unknown}
 h - 2 potions of cancellation
 k - 3 potions of curing
 m - a potion of haste
 o - a potion of enlightenment {unknown}


   Skills:
 + Level 6.7 Fighting
 + Level 6.0 Axes
 + Level 6.6 Armour
 + Level 6.7 Shields


You had 7 spell levels left.
You didn't know any spells.
Your spell library contained the following spells:

 Spells                   Type           Power      Damage    Failure   Level
 Necrotise                Necr           0%         1d4       94%         1
 Sting                    Conj/Alch      0%         1d3       94%         1
 Summon Small Mammal      Summ           0%         N/A       94%         1
 Cigotuvi's Dreadful Rot  Necr/Alch/Air  0%         N/A       98%         2
 Call Canine Familiar     Summ           0%         N/A       100%        3
 Vampiric Draining        Necr           0%         2d6       100%        3
 Dispel Undead            Necr           0%         3d6       100%        4
 Martyr's Knell           Necr/Summ      0%         N/A       100%        4
 Summon Blazeheart Golem  Fire/Summ      0%         N/A       100%        4
 Curse of Agony           Necr           0%         N/A       100%        5
 Death Channel            Necr           0%         N/A       100%        6


Dungeon Overview and Level Annotations

Branches:
Dungeon (7/15)             Temple (0/1) D:4

Altars:
Ashenzari
Elyvilon
Fedhas
Gozag
Ru
The Shining One


Innate Abilities, Weirdness & Mutations

You have a pair of horns on your head.
You reflexively headbutt those who attack you in melee.


Message History

The wight hits you but does no damage.
You barely miss the wight. You headbutt the wight.
The wight is almost destroyed.
The wight hits you with a +0 halberd.
* * * LOW HITPOINT WARNING * * *
You feel drained.
* * * LOW HITPOINT WARNING * * *
You barely miss the wight. You headbutt the wight.
You destroy the wight!
Fedhas accepts your kill.
You feel yourself slow down.
You hit the wight.
The wight is moderately damaged.
You block the wight's attack.
You closely miss the wight.
The wight is moderately damaged.
The wight hits you but does no damage. The wight completely misses you.
You closely miss the wight. Your headbutt misses the wight.
The wight is moderately damaged.
You block the wight's attack.
You closely miss the wight.
The wight is moderately damaged.
You block the wight's attack.
You slash the wight! Your headbutt misses the wight.
The wight is almost destroyed.
The wight barely misses you. x2
You barely miss the wight. Your headbutt misses the wight.
The wight is almost destroyed.
The wight hits you with a +0 short sword.
* * * LOW HITPOINT WARNING * * *
You closely miss the wight.
The wight is almost destroyed.
You block the wight's attack.
You hit the wight.
The wight is almost destroyed.
The wight hits you with a +0 short sword.
* * * LOW HITPOINT WARNING * * *
You feel drained.
You die...
Fedhas appreciates your contribution to the ecosystem.

########################
........@z....$........#
######################.#
#.# #.# #z#
############# #.#
...........>#########
#.# ###### #z......z.z.#
#.# .....# #.........#.#
#.#


You could see a wight.

Vanquished Creatures
  An ice beast (D:7)
  3 wights (D:7)
  5 killer bees
  3 howler monkeys (D:7)
  A bombardier beetle (D:3)
  2 orc priests (D:7)
  Crazy Yiuf (D:3)
  A hound (D:4)
  A jelly (D:4)
  An iguana (D:7)
  2 orc wizards (D:7)
  7 gnolls (D:3)
  6 adders
  4 dart slugs
  2 ribbon worms (D:2)
  9 orcs
  6 endoplasms
  7 giant cockroaches
  9 goblins
  9 hobgoblins
  7 kobolds
  A quokka (D:1)
  6 ball pythons
  6 bats
  3 frilled lizards
  3 rats
106 creatures vanquished.

Vanquished Creatures (others)
  A sleepcap (D:7)
1 creature vanquished.

Grand Total: 107 creatures vanquished

Notes
Turn   | Place    | Note
-------+----------+-------------------------------------------
     0 | D:1      | Destapler the Minotaur Fighter began the quest for the Orb.
     0 | D:1      | Reached XP level 1. HP: 19/19 MP: 0/0
   108 | D:1      | Reached XP level 2. HP: 25/27 MP: 1/1
   352 | D:1      | Reached XP level 3. HP: 31/33 MP: 2/2
   894 | D:2      | Reached XP level 4. HP: 31/41 MP: 3/3
  1037 | D:2      | Found a faded altar of an unknown god.
  1049 | D:2      | Got Plato's Almanac of Venin
  1050 | D:2      | Prayed at the altar of an unknown god.
  1050 | D:2      | Became a worshipper of Fedhas Madash
  1050 | D:2      | Reached * piety under Fedhas
  1751 | D:3      | Reached XP level 5. HP: 46/47 MP: 4/4
  1767 | D:3      | Reached ** piety under Fedhas
  2233 | D:3      | Reached skill level 5 in Fighting
  2233 | D:3      | Reached skill level 5 in Shields
  2239 | D:3      | Reached skill level 5 in Armour
  2345 | D:3      | Found a runed translucent door.
  2346 | D:3      | Noticed Crazy Yiuf
  2354 | D:3      | Killed Crazy Yiuf
  2355 | D:3      | Reached XP level 6. HP: 39/56 MP: 5/5
  2795 | D:4      | Found a staircase to the Ecumenical Temple.
  2866 | D:4      | You fall into a shaft and drop 3 floors!
  2884 | D:7      | Found a sacrificial altar of Ru.
  2948 | D:7      | Reached skill level 5 in Axes
  2948 | D:7      | Reached XP level 7. HP: 34/62 MP: 6/6
  3714 | D:6      | Found a glowing golden altar of the Shining One.
  3714 | D:6      | Found an opulent altar of Gozag.
  3714 | D:6      | Found a broken altar of Ashenzari.
  3714 | D:6      | Found a white marble altar of Elyvilon.
  3807 | D:7      | Reached *** piety under Fedhas
  3829 | D:7      | Reached XP level 8. HP: 19/71 MP: 7/7
  3838 | D:7      | HP: 3/66 [wight/+0 halberd (1)]
  3847 | D:7      | HP: 1/68 [wight/+0 short sword (5)]
  3847 | D:7      | Slain by a wight

Illustrated notes

Levels and vault maps discovered:
D:1:      dpeg_arrival_signposts, layout_rooms, kennysheep_minor_cross
D:2:      layout_loops_corners, shapermc_ecumenical_altar_rom_forum
D:3:      layout_basic, minmay_box_of_dots, uniq_crazy_yiuf_cottage
D:4:      layout_layer_cave, nicolae_overflow_macrodata_refinement,
          minmay_temple_entry_waves, serial_shops, shop,
          chequers_serial_rivers_small_a
D:6:      layout_gridville, nicolae_overflow_hidden_temple, minmay_bent
D:7:      layout_basic, nicolae_ru_awakened_eye

Skill      XL: |  1  2  3  4  5  6  7 |
---------------+----------------------+-----
Shields        | 4 5 6 |  6.7
Armour         | 4 5 6 |  6.6
Fighting       | 4 5 6 |  6.7
Axes           | 3 4 5 6 |  6.0

Action                     |  1- 3 |  4- 6 |  7- 9 || total
---------------------------+-------+-------+-------++-------
  Melee: War axe           |    70 |   132 |    70 ||   272
         Headbutt          |     9 |    24 |    15 ||    48
    Use: Scroll            |       |     4 |     1 ||     5
         Potion            |       |     2 |     2 ||     4
 Armour: Scale mail        |    46 |   111 |    42 ||   199
  Dodge: Dodged            |    39 |    62 |    11 ||   112
  Block: Buckler           |    11 |    21 |       ||    32
         Kite shield       |       |     9 |    42 ||    51
